 Dungeon Crawl Stone Soup version 0.17-a0-1582-ge6b0260 (webtiles) character file.

375 orochimarko the Magician (level 6, -4/32 HPs)
             Began as a Deep Elf Air Elementalist on July 27, 2015.
             Slain by Duvessa
             ... wielding a +0 short sword of holy wrath
              (12 damage)
             ... on level 4 of the Dungeon.
             The game lasted 00:37:51 (2505 turns).

orochimarko the Magician (DEAE)                     Turns: 2505, Time: 00:37:51

Health: -4/32      AC: 10    Str:  5    XL:     6   Next: 44%
Magic:  9/25       EV: 16    Int: 22    God:
Gold:   213        SH:  0    Dex: 15    Spells: 3 memorised, 9 levels left

rFire  . . .     SeeInvis .     f - +0 dagger (protect)
rCold  . . .     Clarity  .     a - +0 robe
rNeg   . . .     SustAt   .     (no shield)
rPois  .         Gourm    .     w - +2 helmet
rElec  .         Spirit   .     (no cloak)
rCorr  .         Warding  .     (no gloves)
rMut   .         Stasis   .     (no boots)
MR     .....                    (no amulet)
Stlth  ++........               t - ring of magical power
                                l - +3 ring of evasion

@: not resistant to hostile enchantments, unstealthy
A: no striking features
a: no special abilities


You were on level 4 of the Dungeon.
You were not hungry.

You visited 1 branch of the dungeon, and saw 4 of its levels.

You collected 213 gold pieces.

Inventory:

Hand weapons
 f - a +0 dagger of protection (weapon)
 p - a +1 dagger of venom
 u - a +1 short sword of flaming
Missiles
 d - 71 arrows
 h - 88 stones (quivered)
Armour
 a - a +0 robe (worn)
 w - a +2 helmet (worn)
Jewellery
 l - a +3 ring of evasion (left hand)
 t - a ring of magical power (right hand)
Scrolls
 g - 3 scrolls of teleportation
 k - a scroll of recharging {unknown}
 n - a scroll of blinking {unknown}
 q - a scroll of identify
 s - a scroll of remove curse {unknown}
Potions
 e - 2 potions of haste {unknown}
 m - 2 potions of might {unknown}
 o - a potion of curing {unknown}
 v - a potion of invisibility {unknown}
 x - a potion of mutation {unknown}
 z - a potion of magic {unknown}
 C - a potion of agility {unknown}
Books
 b - a book of Air

   Spells                             Type                      Level
   a - Shock                          Conjuration/Air              1
   b - Swiftness                      Charms/Air                   2
   c - Repel Missiles                 Charms/Air                   2
   d - Static Discharge               Conjuration/Air              3
   e - Lightning Bolt                 Conjuration/Air              5
 B - a book of Callings

   Spells                             Type                      Level
   a - Summon Small Mammal            Summoning                    1
   b - Call Imp                       Summoning                    2
   c - Call Canine Familiar           Summoning                    3
   d - Summon Guardian Golem          Hexes/Summoning              3
   e - Summon Lightning Spire         Summoning/Air                4
   f - Summon Ice Beast               Ice/Summoning                4
Comestibles
 c - 4 bread rations
 i - 2 meat rations
 j - 5 chunks of flesh
 A - 2 beef jerkies


   Skills:
 + Level 0.4 Throwing
 + Level 3.5 Dodging
 + Level 2.9 Stealth
 + Level 0.2 Unarmed Combat
 + Level 5.3 Spellcasting
 + Level 3.5 Conjurations
 + Level 4.8 Air Magic


You had 9 spell levels left.
You knew the following spells:

 Your Spells              Type           Power        Failure   Level  Hunger
a - Shock                 Conj/Air       ###.         1%          1    None
b - Static Discharge      Conj/Air       ###.....     8%          3    ##.....
c - Repel Missiles        Chrm/Air       ###...       8%          2    None


Dungeon Overview and Level Annotations

Branches:
Dungeon (4/15)
 Temple: D:4-7

Altars:
Dithmenos
The Shining One

Shops:
D:4 (

Annotations:
D:4 Duvessa


Message History

Duvessa is lightly wounded.
Duvessa hits you with a short sword of holy wrath!
Duvessa hits you with a short sword of holy wrath.
Casting: Shock
Confirm with . or Enter, or press ? or * to list all spells.
Aiming: Shock
Press: ? - help, Shift-Dir - straight line, f/p - Duvessa
Aim: Duvessa, wielding a short sword of holy wrath and wearing a scale mail (lightly wounded, berserk, fast, unusually strong)
The zap misses Duvessa.
Duvessa hits you but does no damage.
Casting: Shock
Confirm with . or Enter, or press ? or * to list all spells.
Aiming: Shock
Press: ? - help, Shift-Dir - straight line, f/p - Duvessa
Aim: Duvessa, wielding a short sword of holy wrath and wearing a scale mail (lightly wounded, berserk, fast, unusually strong)
The zap hits Duvessa.
Duvessa is lightly wounded.
Duvessa hits you with a short sword of holy wrath!
* * * LOW HITPOINT WARNING * * *
Duvessa hits you with a short sword of holy wrath!
You die...

#.#.# ####.##################
#.#.# #.# # #.#.# #.# #.#.#
#.# #.#.#### #.#
#.#....#####.# #####
#............# ####...#
####...###########.†..#..?g./
##.######..@e...##...#####
#.........#########.e....
#..######## ....#. #..# #.#.#
#..# .#.# #..# .# # #..# #..#
#..


You could see Duvessa (berserk).

Vanquished Creatures
  The ghost of Eleanoora the Digger, an average VSEE (D:3)
  Dowan (D:4)
  A scorpion (D:3)
  Ijyb (D:3)
  Natasha (D:2)
  A worker ant (D:4)
  5 adders
  2 oozes
  4 worms
  3 giant geckos
  3 orcs (D:3)
  A ball python (D:3)
  5 giant cockroaches
  10 goblins
  8 hobgoblins
  12 jackals
  3 bats
  3 giant newts
  8 kobolds
  7 rats
80 creatures vanquished.

Notes
Turn   | Place    | Note
--------------------------------------------------------------
     0 | D:1      | orochimarko the Deep Elf Air Elementalist began the quest for the Orb.
     0 | D:1      | Reached XP level 1. HP: 10/10 MP: 6/6
    97 | D:1      | Reached XP level 2. HP: 15/15 MP: 1/8
   483 | D:1      | Reached XP level 3. HP: 19/19 MP: 7/10
   715 | D:2      | Learned a level 3 spell: Static Discharge
   719 | D:2      | Learned a level 2 spell: Repel Missiles
   986 | D:2      | Noticed Natasha
  1006 | D:2      | Killed Natasha
  1006 | D:2      | Reached skill level 4 in Spellcasting
  1006 | D:2      | Reached XP level 4. HP: 13/24 MP: 0/12
  1611 | D:3      | Reached XP level 5. HP: 28/28 MP: 13/13
  1642 | D:3      | Found a shadowy altar of Dithmenos.
  1649 | D:3      | Noticed Ijyb
  1684 | D:3      | Killed Ijyb
  1764 | D:3      | Noticed Eleanoora's ghost (average VSEE)
  1767 | D:3      | Killed Eleanoora's ghost
  1767 | D:3      | Reached skill level 5 in Spellcasting
  1767 | D:3      | Reached XP level 6. HP: 32/32 MP: 12/15
  2355 | D:3      | Found a glowing golden altar of the Shining One.
  2403 | D:4      | Found Maive's Weapon Boutique.
  2484 | D:4      | Noticed Dowan
  2497 | D:4      | Noticed Duvessa
  2498 | D:4      | Killed Dowan
  2505 | D:4      | Slain by Duvessa

Vault maps used:
D:1:      dpeg_arrival_chase, roderic_greek_sauvastika
D:2:      uniq_natasha
D:3:      tso_altar, nicolae_dithmenos_shadow_blocks, first_bread, uniq_iyjb
D:4:      makhleb_heckhound_becter, enter_ossuary_5, serial_shops, shop,
          uniq_edmund, uniq_duvessa

Action                   |  1- 3 |  4- 6 || total
-------------------------+-------+-------++-------
Melee: Unarmed           |    11 |       ||    11
       Club              |     1 |       ||     1
       Dagger            |     4 |     8 ||    12
Throw: Stone             |     2 |       ||     2
 Cast: Shock             |    66 |   124 ||   190
       Static Discharge  |     6 |       ||     6
  Use: Scroll            |     3 |     2 ||     5
  Eat: Chunk             |       |     5 ||     5
